Map: Cyber Forest LE

Players

Zanster - Winner!

  • Race: Zerg Zerg
  • Spawn Location: 11:00

Gremory

  • Race: Zerg Zerg
  • Spawn Location: 5:00

Event: IEM Season 13: Katowice (2019)

VOD

Have the link to the VOD?

Description

Time

  • Played on: Feb. 26, 2019, 9:02 a.m.
  • Length: 9:49

All games in this series

Show
View Real Time Build Order
Export as new Build Order

Zanster Zerg - Winner!

Build Orders: Hatch First 

Get SALT Encoding   

  12  0:00  Drone  
  13  0:13  Overlord  
  13  0:16  Drone  
  14  0:31  Drone x2  
  16  0:49  Hatchery  
  15  0:52  Drone  
  15  0:55  Drone  
  17  1:09  Spawning Pool  
  16  1:11  Drone  
  16  1:14  Extractor  
  16  1:17  Drone  
  17  1:20  Drone  
  18  1:29  Drone  
  19  1:39  Drone  
  20  1:53  Drone  
  21  2:00  Queen  
  21  2:01  Queen  
  23  2:06  Overlord, Drone  
  26  2:11  Drone  
  26  2:12  Drone  
  26  2:13  Metabolic Boost  
  28  2:26  Drone  
  28  2:27  Zergling x2  
  30  2:33  Zergling x2  
  30  2:36  Drone  
  32  2:42  Hatchery  
  31  2:44  Overlord  
  31  2:45  Zergling x2  
  32  2:55  Drone  
  32  2:56  Drone  
  32  2:57  Baneling Nest  
  33  3:08  Drone x2  
  33  3:10  Drone x2  
  33  3:11  Drone x2  
  39  3:13  Drone  
  39  3:15  Drone  
  41  3:23  Drone  
  41  3:24  Evolution Chamber  
  41  3:25  Overlord  
  41  3:32  Drone x2  
  43  3:39  Overlord  
  43  3:42  Queen  
  43  3:46  Drone x5  
  50  3:51  Drone x2  
  50  3:53  Zerg Missile Weapons Level 1  
  50  3:55  Drone  
  53  3:57  Extractor  
  53  3:58  Drone  
  53  4:05  Drone  
  53  4:08  Drone, Roach Warren  
  53  4:09  Drone  
  54  4:13  Drone  
  54  4:15  Drone x4  
  54  4:17  Drone  
  60  4:21  Lair  
  60  4:23  Overlord  
  60  4:26  Drone x2  
  60  4:28  Drone  
  60  4:30  Overlord  
  63  4:34  Extractor  
  63  4:37  Extractor  
  63  4:38  Extractor  
  60  4:41  Drone x3  
  60  4:43  Zergling x2  
  60  4:45  Zergling x2  
  65  4:49  Drone x6  
  65  4:50  Drone  
  65  4:51  Drone x2  
  73  4:53  Overlord  
  73  4:56  Pneumatized Carapace  
  73  5:03  Drone x2  
  75  5:09  Overlord, Hatchery  
  75  5:12  Extractor, Drone  
  74  5:19  Drone x3  
  77  5:21  Glial Reconstitution  
  77  5:23  Overseer  
  77  5:24  Overseer  
  77  5:25  Roach x4  
  77  5:26  Roach  
  87  5:29  Roach x2  
  87  5:33  Overlord  
  87  5:34  Queen  
  93  5:46  Roach x2  
  93  5:48  Overlord  
  93  5:49  Overlord  
  97  5:52  Roach  
  97  5:53  Roach x3  
  97  5:54  Overlord  
  105  5:59  Overlord x2  
  105  6:01  Zerg Missile Weapons Level 2  
  105  6:02  Drone x2  
  105  6:04  Evolution Chamber, Baneling x4  
  106  6:07  Ravager  
  106  6:08  Ravager x2  
  106  6:09  Ravager  
  109  6:12  Roach x2  
  109  6:15  Roach x2  
  109  6:16  Overlord  
  117  6:24  Drone x4  
  121  6:27  Drone  
  121  6:28  Drone  
  121  6:30  Zerg Ground Armor Level 1  
  121  6:31  Roach x3  
  129  6:33  Overlord  
  129  6:39  Roach x3  
  135  6:41  Overlord  
  135  6:45  Roach x3  
  141  6:52  Overlord  
  141  6:55  Roach x5  
  149  7:01  Roach  
  149  7:02  Roach x4  
  149  7:04  Overlord  
  159  7:09  Roach x2  
  159  7:10  Roach x2  
  167  7:16  Overlord  
  167  7:17  Roach x4  
  167  7:21  Ravager  
  167  7:22  Overlord  
  176  7:26  Roach  
  176  7:27  Roach x3  
  176  7:29  Overlord  
  184  7:34  Tunneling Claws, Burrow  
  184  7:35  Overlord  
  184  7:37  Extractor  
  184  7:43  Roach  
  184  7:44  Roach x6  
  197  7:47  Roach  
  195  8:01  Roach x2  
  199  8:11  Infestation Pit  
  194  8:15  Roach x4  
  187  8:35  Roach x7  
  197  8:42  Roach  
  184  8:57  Roach x9  
  193  9:04  Roach x18  
  193  9:06  Roach x5  
  195  9:12  Drone  
  195  9:13  Drone x5  
Show
View Real Time Build Order
Export as new Build Order

Gremory Zerg 

Build Orders: Hatch First 

Get SALT Encoding   

  12  0:00  Drone  
  13  0:13  Overlord  
  13  0:17  Drone  
  14  0:31  Drone x2  
  16  0:37  Drone  
  17  0:53  Hatchery  
  17  0:56  Drone  
  17  0:59  Drone  
  18  1:09  Extractor  
  17  1:14  Spawning Pool  
  17  1:16  Drone  
  17  1:20  Drone  
  18  1:29  Drone  
  19  1:46  Overlord  
  19  1:54  Drone  
  20  2:02  Queen  
  20  2:05  Queen  
  20  2:06  Zergling x4  
  26  2:11  Drone  
  26  2:12  Metabolic Boost  
  27  2:17  Drone  
  28  2:23  Drone  
  28  2:26  Drone  
  30  2:39  Hatchery  
  29  2:48  Drone x4  
  33  2:58  Overlord  
  33  2:59  Baneling Nest  
  32  3:06  Drone x2  
  32  3:10  Zergling x4  
  36  3:17  Drone x4  
  40  3:21  Overlord  
  40  3:23  Drone  
  41  3:30  Queen  
  43  3:37  Drone  
  43  3:40  Extractor  
  43  3:43  Evolution Chamber, Baneling x2  
  43  3:45  Drone x3  
  44  3:53  Drone x4  
  48  3:56  Drone  
  48  3:57  Drone x2  
  48  4:00  Drone  
  48  4:01  Extractor  
  51  4:05  Drone x3  
  54  4:15  Zerg Missile Weapons Level 1  
  54  4:17  Roach Warren  
  54  4:19  Drone x2  
  54  4:21  Overlord  
  55  4:28  Drone  
  55  4:29  Drone  
  57  4:32  Overlord  
  57  4:39  Lair  
  57  4:41  Drone x5  
  62  4:47  Drone x3  
  65  4:53  Drone x4  
  65  4:54  Drone  
  65  4:57  Overlord  
  70  5:03  Drone x3  
  70  5:06  Extractor  
  72  5:07  Drone x2  
  72  5:08  Extractor  
  72  5:10  Extractor  
  72  5:12  Roach  
  73  5:14  Evolution Chamber, Drone  
  73  5:17  Drone x2  
  75  5:23  Roach x3  
  75  5:25  Overlord  
  75  5:28  Pneumatized Carapace  
  81  5:31  Drone  
  82  5:43  Overseer  
  82  5:45  Roach x4, Hatchery  
  82  5:49  Glial Reconstitution  
  89  5:50  Zerg Ground Armor Level 1  
  89  5:57  Overlord  
  88  6:06  Overlord x5  
  88  6:14  Overlord x2  
  88  6:15  Overseer, Overlord  
  88  6:17  Roach x4  
  96  6:22  Overlord x3  
  98  6:25  Roach  
  98  6:26  Roach  
  98  6:28  Roach x2  
  98  6:30  Ravager x2  
  98  6:31  Ravager x2  
  98  6:32  Roach  
  110  6:37  Roach x3  
  116  6:41  Roach x2  
  116  6:45  Ravager x3  
  116  6:47  Roach x2  
  127  6:51  Roach x2  
  130  6:56  Roach x3  
  127  7:02  Drone x5  
  127  7:06  Drone  
  133  7:09  Overseer, Overlord  
  133  7:11  Roach x2  
  139  7:15  Roach  
  139  7:18  Ravager x2  
  141  7:25  Hydralisk Den  
  141  7:26  Roach x4  
  148  7:32  Roach x2  
  148  7:33  Roach x2  
  148  7:35  Ravager  
  148  7:36  Roach  
  159  7:47  Roach x6  
  171  8:05  Roach x5  
  173  8:19  Roach x4  
  175  8:24  Lurker Den  
  170  8:28  Roach x2  
  164  8:35  Roach x6  
  164  8:41  Roach x7  
  164  8:43  Queen  
  173  8:51  Roach x4  
  173  8:57  Roach  
  173  8:59  Roach x4  
  173  9:00  Overseer  
  169  9:09  Roach x3  
  163  9:10  Roach  
  163  9:16  Roach x4  
  161  9:23  Roach  
  161  9:24  Roach x2  
  165  9:30  Roach  

Tags
 
Add a new tag
Caveats
  • Supply blocks, unpowered buildings, or Contaminate may cause inaccurate times.
  • Supply counts are checked every 10 seconds.